[Event "44th Chess Olympiad Open 2022"]
[Site "Chennai"]
[Date "2022.08.08"]
[Round "10.18"]
[White "Lupulescu, Constantin"]
[Black "Docx, Stefan"]
[Result "1/2-1/2"]
[ECO "E92"]
[WhiteElo "2628"]
[BlackElo "2434"]
[Annotator "TA"]
[PlyCount "79"]
[EventDate "2022.07.29"]
[EventType "team-tourn"]
[EventCountry "IND"]
[SourceTitle "playchess.com"]
[Source "ChessBase"]
[SourceQuality "1"]
[WhiteTeam "Romania"]
[BlackTeam "Belgium"]
[WhiteTeamCountry "ROU"]
[BlackTeamCountry "BEL"]
[TimeControl "40/5400+30:1800+30"]

1. d4 Nf6 2. c4 g6 3. Nc3 Bg7 4. e4 d6 5. Nf3 O-O 6. Be2 e5 7. d5 a5 8. Bg5 h6 9. Be3 Ng4 {[%emt 0:02:10] E92: King's Indian: Classical: 6 Be2 e5: 7 dxe5, 7 Be3 and Petrosian System without 7...Nbd7.} 10. Bd2 f5 11. h3 Nf6 {[%emt 0:00:47][%cal Bg4f6,Bf6e4,Be4c5][%mdl 32] White has an edge.} 12. exf5 gxf5 13. Qc2 Na6 {[%emt 0:01:47] [#]} 14. O-O-O $146 (14. g3 $11 {keeps the balance.}) ({Predecessor:} 14. a3 Nc5 15. O-O a4 16. Rad1 Bd7 17. Nh2 Nb3 18. Be1 Nd4 19. Qd2 f4 20. Nf3 Nxe2+ 21. Qxe2 {1-0 (100) Rous,D (2161)-Folk,P (2154) Czech Republic 2015}) 14... Nb4 $1 $17 15. Qb1 (15. Qb3 $142) 15... Ne4 $1 16. Be1 (16. Be3 $142) 16... Nc5 $19 {[%emt 0:02:40] Strongly threatening ...e4.} 17. Nd2 Qg5 18. g3 e4 {[%emt 0:00:12] Threatens to win with ...h5.} 19. h4 Qe7 {[%emt 0:07:24] Hoping for ...e3.} 20. Nb3 Ncd3+ 21. Bxd3 Nxd3+ 22. Rxd3 exd3 23. Qxd3 f4 24. Nd4 fxg3 25. fxg3 (25. Qxg3 $17 {keeps fighting.} Kh8 26. Nce2) 25... Qe5 26. Nce2 Bg4 {[%emt 0:08:30] This bishop pair is nice.} 27. Bc3 {[%emt 0:00:00] [#]} Rae8 $1 28. Nf4 {[%emt 0:00:00] Nde6 is the strong threat.} Rxf4 $2 (28... Qe4 $19 {is more deadly.} 29. Qxe4 Rxe4) 29. gxf4 $17 Qxf4+ 30. Kc2 {[%emt 0:10:28][%cal Bc1c2,Bc2d3,Bd3e3][%mdl 32] [#]} Re3 ({Black should try} 30... a4 $1 $17 {White must now prevent ...Bxd4.} 31. Rf1 Qh2+ 32. Kb1 Qg2) 31. Qg6 $11 {[%emt 0:06:33][%cal Og6g7] aiming for Qxg7+!} Qe4+ 32. Qxe4 {[%emt 0:00:32] Chess con chili.} Rxe4 33. Kd3 Rf4 {[%emt 0:00:55] And now ...Bxd4 would win.} 34. Ke3 Be5 35. b3 h5 36. Ba1 Kf7 37. Nb5 Rf3+ 38. Ke4 Rf4+ 39. Ke3 Rf3+ 40. Ke4 {[%emt 0:00:11] Black had all chances to win.  Weighted Error Value: White=0.18 (very precise) /Black=0.21 (precise)} 1/2-1/2

[Event "44th Chess Olympiad Open 2022"]
[Site "Chennai"]
[Date "2022.08.08"]
[Round "10.18"]
[White "Jianu, Vlad-Cristian"]
[Black "Lenaerts, Lennert"]
[Result "1/2-1/2"]
[ECO "D12"]
[WhiteElo "2511"]
[BlackElo "2379"]
[Annotator "TA"]
[PlyCount "45"]
[EventDate "2022.07.29"]
[EventType "team-tourn"]
[EventCountry "IND"]
[SourceTitle "playchess.com"]
[Source "ChessBase"]
[SourceQuality "1"]
[WhiteTeam "Romania"]
[BlackTeam "Belgium"]
[WhiteTeamCountry "ROU"]
[BlackTeamCountry "BEL"]
[TimeControl "40/5400+30:1800+30"]

1. d4 d5 2. c4 c6 3. Nc3 Nf6 4. e3 Bf5 5. Nf3 e6 6. Nh4 Be4 7. f3 Bg6 {[%emt 0:00:05] D12: Slav Defence: 3 Nf3 Nf6 4 e3 Bf5.} 8. Nxg6 hxg6 9. Qb3 Qc7 10. Bd2 $1 {[%emt 0:00:04] The main line 10.Bd2 scores better than 10.g3.} Be7 11. cxd5 cxd5 12. O-O-O Nc6 13. Kb1 a6 14. Rc1 Nd7 15. Bd3 Na5 16. Qc2 {[%emt 0:00:26][%cal Oc3d5] And now Nxd5! would win.} (16. Nxd5 $5 Qxc1+ 17. Bxc1 Nxb3 18. Nc7+ Kd8 19. Nxa8 $14) 16... Nc4 {[%emt 0:00:12] [#] The position is equal.} 17. e4 $146 ({Predecessor:} 17. Bxc4 Qxc4 18. b3 Qc6 19. Qd3 b5 20. Ne2 Qb7 21. Qc3 Ba3 22. Rc2 Nb6 23. Qa5 {1-0 (79) Romm,M (2452)-Pivinsky,E (2490) ICCF email 2018}) 17... dxe4 18. Bxc4 Qxc4 19. Qxe4 Rb8 20. Ne2 Qb5 21. Nc3 Qc4 22. Ne2 Qb5 23. Nc3 {[%emt 0:00:08] Weighted Error Value: White=0.06 (flawless) /Black=0.03 (flawless)} 1/2-1/2

[Event "44th Chess Olympiad Open 2022"]
[Site "Chennai"]
[Date "2022.08.08"]
[Round "10.18"]
[White "Maerevoet, Sim"]
[Black "Parligras, Mircea-Emilian"]
[Result "1-0"]
[ECO "B51"]
[WhiteElo "2409"]
[BlackElo "2576"]
[Annotator "TA"]
[PlyCount "51"]
[EventDate "2022.07.29"]
[EventType "team-tourn"]
[EventCountry "IND"]
[SourceTitle "playchess.com"]
[Source "ChessBase"]
[SourceQuality "1"]
[WhiteTeam "Belgium"]
[BlackTeam "Romania"]
[WhiteTeamCountry "BEL"]
[BlackTeamCountry "ROU"]
[TimeControl "40/5400+30:1800+30"]

1. e4 c5 2. Nf3 d6 3. Bb5+ Nd7 4. O-O a6 5. Bxd7+ Bxd7 6. c3 Nf6 7. Re1 Bc6 8. d4 cxd4 9. cxd4 Bxe4 {[%emt 0:00:09] B51: Sicilian: Moscow Variation (3 Bb5+) without 3...Bd7.} (9... Nxe4 $2 10. d5 $18) 10. Nc3 Bxf3 11. Qxf3 e6 {[%emt 0:00:07] White has an edge.} 12. Qxb7 {[%emt 0:05:05] And now Qc6+ would win.} Qc8 {[%emt 0:00:15] Against Qc6+} 13. Qf3 Be7 14. Bg5 O-O 15. d5 e5 ({Don't play} 15... Nxd5 16. Nxd5 Bxg5 17. Nb6 $14) (15... h6 $5 16. Bxf6 Bxf6 $11) 16. Ne4 {[%emt 0:05:24] [#]} Nxe4 $146 ({Predecessor:} 16... Nxd5 17. Nxd6 Qe6 18. Bxe7 Nxe7 19. Ne4 Rac8 20. h3 Ng6 21. Ng5 Qb6 22. Qb3 Qc6 {½-½ (37) Muzychuk,A (2504)-Sebag,M (2530) Krasnoturinsk 2008}) 17. Bxe7 Re8 18. Qxe4 Rxe7 19. Rac1 $36 {[%emt 0:00:25][%mdl 2048] Black is under pressure.} Qb7 20. b3 a5 21. Rc4 f5 (21... g6 $11) 22. Qxf5 $16 Qxd5 23. Rc8+ (23. Qc2 $16) 23... Re8 (23... Rxc8 $14 24. Qxc8+ Kf7) 24. Rc7 {[%emt 0:00:34] White threatens Qd7 and mate. White is more active.} Rf8 $2 {[%emt 0:01:40][%mdl 8192] [#]} (24... Kh8 $16) 25. Qg4 $1 $18 Rf7 26. Rd1 {[%emt 0:01:16] Weighted Error Value: White=0.10 (very precise) /Black=0.19 (very precise)} 1-0

[Event "44th Chess Olympiad Open 2022"]
[Site "Chennai"]
[Date "2022.08.08"]
[Round "10.19"]
[White "Andersen, Mads"]
[Black "Avila Pavas, Santiago"]
[Result "1-0"]
[ECO "B11"]
[WhiteElo "2587"]
[BlackElo "2453"]
[Annotator "TA"]
[PlyCount "105"]
[EventDate "2022.07.29"]
[EventType "team-tourn"]
[EventCountry "IND"]
[SourceTitle "playchess.com"]
[Source "ChessBase"]
[SourceQuality "1"]
[WhiteTeam "Denmark"]
[BlackTeam "Colombia"]
[WhiteTeamCountry "DEN"]
[BlackTeamCountry "COL"]
[TimeControl "40/5400+30:1800+30"]

1. e4 c6 2. Nf3 d5 3. Nc3 Bg4 4. h3 Bxf3 5. Qxf3 e6 6. Be2 Nf6 7. O-O Nbd7 8. d4 {[%emt 0:02:47] B11: Caro-Kann: Two Knights Variation.} dxe4 9. Nxe4 Nxe4 10. Qxe4 {[%emt 0:00:03] White has an edge.} Nf6 11. Qe3 Be7 12. Rd1 O-O {[%emt 0:01:55] [#]} 13. a4 $146 ({Predecessor:} 13. c4 Qc7 14. b3 Bd6 15. Bb2 Rfe8 16. Bf3 Rad8 17. Bc3 Qe7 18. g3 Bb4 19. Bb2 Ba3 20. Bc3 Bb4 21. Bb2 Ba3 22. Bc3 Bb4 {½-½ (23) Kreisl,R (2391)-Poetz,F (2422) Austria 2020}) 13... a5 14. Qb3 Qc7 15. g3 h6 16. Bf3 Rad8 17. Kg2 Rd7 18. c3 Rfd8 19. Re1 Bd6 20. Re2 Re7 21. Be3 Nd5 22. Bd2 {[%emt 0:00:18] [#] Black must now prevent c4.} e5 {[%emt 0:00:30] Black cannot hold the game after this.} (22... Red7 $14) 23. c4 $18 e4 24. Bxe4 ({Much weaker is} 24. cxd5 $6 exf3+ 25. Qxf3 cxd5 $11) 24... Nf6 25. Rae1 {[%emt 0:00:37] White is more active.} Rde8 26. Qd3 {[%emt 0:04:33] [#] aiming for c5.} Qd8 27. Bf3 Rxe2 28. Rxe2 Rxe2 29. Qxe2 ({Resist} 29. Bxe2 Be7 30. Bf3 Qb6) 29... Kf8 30. Qd3 Bb4 31. Be3 (31. Bxb4+ $142 axb4 32. Qd2) 31... Qd6 32. Qf5 Qd7 {[%emt 0:00:33] Inhibits Qc8+.} 33. Qc2 Qd6 34. Kg1 Qd7 35. Bg2 Qd6 36. Qf5 {[%emt 0:00:25] Qc8+ is the strong threat.} Qd7 {[%emt 0:00:07] Against Qc8+} 37. Qf3 Qd6 38. Bf1 Qe6 39. Kh2 Ne4 40. Bd3 Ng5 41. Qh5 Qf6 42. Kg2 {[%emt 0:00:00] Against Nf3} Qd6 (42... Ne6 $142) 43. Bf5 ({Don't do} 43. Bxg5 $6 Qxd4 44. Bxh6 Qxd3 $16) 43... Ne6 44. Qg4 Nd8 45. h4 Qc7 $2 (45... Qe7 46. Bc8 b6) 46. c5 {[%emt 0:00:00] And now Bf4 would win. White is clearly winning.} Qe7 47. Bf4 Qe8 48. Bh7 {[%emt 0:00:00] White wants to mate with Bd6+. A strong pair of Bishops.} Qe6 49. Bd6+ Ke8 50. Qxg7 Kd7 51. Qf8 {[%emt 0:00:00][%cal Oh7f5] White threatens Bf5! and mate.} Qe8 52. Bf5+ Ne6 53. Qxh6 {[%emt 0:00:00] Weighted Error Value: White=0.09 (flawless) /Black=0.29 (precise)} 1-0

[Event "44th Chess Olympiad Open 2022"]
[Site "Chennai"]
[Date "2022.08.08"]
[Round "10.19"]
[White "Cardoso Cardoso, Jose Gabriel"]
[Black "Bjerre, Jonas Buhl"]
[Result "0-1"]
[ECO "E32"]
[WhiteElo "2493"]
[BlackElo "2608"]
[Annotator "TA"]
[PlyCount "88"]
[EventDate "2022.07.29"]
[EventType "team-tourn"]
[EventCountry "IND"]
[SourceTitle "playchess.com"]
[Source "ChessBase"]
[SourceQuality "1"]
[WhiteTeam "Colombia"]
[BlackTeam "Denmark"]
[WhiteTeamCountry "COL"]
[BlackTeamCountry "DEN"]
[TimeControl "40/5400+30:1800+30"]

1. d4 Nf6 2. c4 e6 3. Nc3 Bb4 4. Qc2 d5 5. a3 Bxc3+ 6. Qxc3 O-O 7. e3 b6 8. Nf3 Bb7 9. b3 Nbd7 {[%emt 0:04:22] E32: Nimzo-Indian: Classical (4 Qc2): 4...0-0.} 10. Bb2 {[%emt 0:02:01] outshines the older 10.Be2.} c5 11. Be2 Rc8 {[%emt 0:04:51] [#] The position is equal.} 12. a4 $146 ({Predecessor:} 12. O-O cxd4 13. Qxd4 Nc5 14. Nd2 dxc4 15. Bxc4 e5 16. Qxd8 Rfxd8 17. Nf3 Bxf3 18. gxf3 {1-0 (69) Dreev,A (2623)-Xiong,J (2688) Chess.com INT 2022}) 12... Ne4 13. Qd3 dxc4 14. bxc4 cxd4 15. exd4 Qf6 16. O-O Rfd8 17. Rfc1 Nf8 18. a5 Ng6 19. axb6 axb6 20. Rab1 (20. g3 $142) 20... Nf4 $11 {[%emt 0:04:46] Pair of Knights!} 21. Qe3 Ng5 22. Nxg5 Qxg5 23. Bf3 Bxf3 24. Qxf3 h5 $40 {[%emt 0:02:33][%mdl 128] Black is up to no good.} 25. g3 Ng6 26. Qe4 h4 27. Rc2 h3 28. Bc1 $2 {[%emt 0:02:08] [#]} (28. f4 $11 {and White stays safe.} Qh5 29. Rf1) 28... Qa5 ({Black should try} 28... Qe5 $1 $19 29. Qxe5 (29. dxe5 $2 {gets mated.} Rd1+) 29... Nxe5) 29. Be3 Qa4 30. Rbc1 {[%emt 0:00:39] [#]} Rd7 ({Better is} 30... b5 $1 $17 31. cxb5 Rxc2 32. Qxc2 Qxb5) 31. Qg4 b5 32. c5 (32. Qxh3 $11 Rxc4 33. Rxc4 bxc4 34. Rb1) 32... Ne5 $1 $17 33. Qxh3 {[%emt 0:00:03] [#]} Nd3 {[%emt 0:00:58] Black is more active.} ({Don't play} 33... Nf3+ $6 34. Kh1 $11) 34. c6 $2 (34. Qg4 $17) 34... Rdc7 $19 35. Rc5 {[%emt 0:01:06][%cal Oc5h5] Rh5! is the strong threat.} Nxc1 36. Rh5 $2 (36. Rxc1 Rxc6 37. Rb1) 36... Qd1+ {[%emt 0:00:26] Black is clearly winning.} 37. Kg2 f5 {[%emt 0:00:41] White must now prevent ...Nd3.} 38. Bxc1 Qxc1 39. Rh8+ Kf7 40. Qh5+ Kf6 41. d5 exd5 42. Qh4+ Qg5 43. Qd4+ Kg6 44. h4 Qf6 {[%emt 0:02:09] Weighted Error Value: White=0.79/Black=0.23 (precise)} ({Weaker is} 44... Rxh8 45. hxg5 Rxc6 46. Qxd5 $11) 0-1

[Event "44th Chess Olympiad Open 2022"]
[Site "Chennai"]
[Date "2022.08.08"]
[Round "10.19"]
[White "Sanchez, Sebastian Felipe"]
[Black "Thybo, Jesper Sondergaard"]
[Result "1/2-1/2"]
[ECO "E35"]
[WhiteElo "2440"]
[BlackElo "2520"]
[Annotator "TA"]
[PlyCount "123"]
[EventDate "2022.07.29"]
[EventType "team-tourn"]
[EventCountry "IND"]
[SourceTitle "playchess.com"]
[Source "ChessBase"]
[SourceQuality "1"]
[WhiteTeam "Colombia"]
[BlackTeam "Denmark"]
[WhiteTeamCountry "COL"]
[BlackTeamCountry "DEN"]
[TimeControl "40/5400+30:1800+30"]

1. d4 Nf6 2. c4 e6 3. Nc3 Bb4 4. Qc2 d5 5. cxd5 exd5 6. Bg5 h6 7. Bh4 $1 {[%emt 0:00:05] 7.Bh4 is better than 7.Bxf6.} O-O 8. e3 {[%emt 0:02:42] E35: Nimzo-Indian: Classical: 4...d5 5 cxd5 exd5.} Re8 9. Nf3 c5 10. dxc5 {[%emt 0:01:46] White is slightly better.} Nbd7 {[%emt 0:00:15] [#]} 11. Bb5 $146 ({Predecessor:} 11. Bd3 Nxc5 12. Bh7+ Kh8 13. O-O Be6 14. Nb5 Ncd7 15. Bd3 Rc8 16. Qd1 Qb6 17. a3 {½-½ (42) Haugen,A (2435)-Torgersen,T (2179) ICCF email 2017}) 11... Qa5 12. Nd4 Ne4 13. O-O Bxc3 14. bxc3 {[%emt 0:00:03] aiming for c6.} a6 $1 15. Ba4 Qxc5 16. Bb3 Ne5 17. f3 Nd6 18. Bf2 Bd7 19. Rad1 Nec4 20. Rfe1 b5 21. Ne2 $1 Nxe3 (21... Qc6 $142) 22. Qd2 $1 $16 Rac8 23. Ng3 $1 Ndc4 24. Bxc4 Nxc4 25. Bxc5 Nxd2 26. Rxe8+ Bxe8 27. Bd4 $1 Nc4 28. Nf5 {[%emt 0:00:04] Strongly threatening Ne7+.} Kh7 29. Nxg7 f6 30. Bxf6 (30. Nxe8 Rxe8 31. Bxf6 Re2 $14) 30... Bf7 31. Nf5 Re8 {[%emt 0:06:16] [#] And now ...Kg6 would win.} 32. Ne7 Nb6 33. Kf2 a5 (33... Nd7 $16 {keeps fighting.}) 34. Rd4 (34. g4 $18) 34... Nd7 35. Bh4 {[%emt 0:00:06] White is more active.} (35. Nxd5 $6 Bxd5 36. Rxd5 Nxf6 37. Rxb5 a4 $11) 35... Nb6 36. Rg4 (36. g4 $142) 36... Be6 37. Rd4 ({Better is} 37. Rf4 $16) 37... Kg7 (37... Bf7 $1 $11 {remains equal.}) 38. f4 Kf7 (38... Kf8 $142) 39. f5 Bc8 40. Nxd5 Nxd5 41. Rxd5 $18 {[%emt 0:30:02][%mdl 4096] Endgame KRB-KRB} Re4 42. g3 (42. Rxb5 Rxh4 43. Rc5 Bd7 $15) 42... Rc4 43. Rxb5 a4 44. Ra5 Rxc3 45. Ra7+ (45. Rxa4 $6 Rc2+ 46. Kf3 Bxf5 $16) 45... Kg8 46. g4 (46. Rxa4 $6 Rc2+ 47. Ke3 Bxf5) 46... h5 47. f6 ({But not} 47. Rxa4 $6 hxg4 48. Ra8 (48. Rxg4+ Kf7 $16) 48... Kh7 $16) ({Resist} 47. gxh5 $6 Bxf5 48. Rxa4 Rh3 49. Ra8+ Kf7 $18) 47... Rc2+ 48. Kg1 Rc1+ {[%emt 0:00:00] [#]} 49. Kf2 (49. Kg2 $142 $1 {f7+ is the strong threat.} Rc2+ 50. Kg3 Bxg4 51. Rxa4) 49... Rc2+ $1 50. Ke3 Bxg4 51. f7+ (51. Bg5 $18 {f7+ would kill now.} Rc3+ 52. Ke4) 51... Kf8 $16 52. Bg5 Rc6 {[%emt 0:00:00] Inhibits Bh6+.} (52... Re2+ $2 53. Kd4 Re6 54. Bc1 $18) 53. Ke4 {[%emt 0:00:02] Hoping for Bd2.} Re6+ 54. Kd5 Rg6 55. h4 ({White should try} 55. Bf4 $14 Be6+ 56. Kc5 Bxf7 57. Rxa4) 55... Be6+ $11 {[%emt 0:00:00] The position is equal.} 56. Ke5 {[%emt 0:00:02] White wants to mate with Be7+.} Bxa2 57. Be7+ Kxf7 58. Bf6+ Kg8 59. Ra8+ Kf7 60. Rxa4 {[%emt 0:00:06] Threatens to win with Ra7+.} Rxf6 61. Rxa2 Rf3 62. Ke4 {[%emt 0:00:12] Black escapes into a draw.  Weighted Error Value: White=0.14 (very precise) /Black=0.11 (very precise)} 1/2-1/2

[Event "44th Chess Olympiad Open 2022"]
[Site "Chennai"]
[Date "2022.08.08"]
[Round "10.20"]
[White "Cheng, Bobby"]
[Black "Ashiku, Franc"]
[Result "1-0"]
[ECO "E71"]
[WhiteElo "2540"]
[BlackElo "2422"]
[Annotator "TA"]
[PlyCount "71"]
[EventDate "2022.07.29"]
[EventType "team-tourn"]
[EventCountry "IND"]
[SourceTitle "playchess.com"]
[Source "ChessBase"]
[SourceQuality "1"]
[WhiteTeam "Australia"]
[BlackTeam "Albania"]
[WhiteTeamCountry "AUS"]
[BlackTeamCountry "ALB"]
[TimeControl "40/5400+30:1800+30"]

1. d4 Nf6 2. c4 g6 3. Nc3 Bg7 4. e4 d6 5. h3 O-O 6. Be3 c6 7. g4 {[%emt 0:01:19] E71: King's Indian: 4 e4 d6 5 h3.} a6 8. f4 (8. g5 $5 Nh5 9. Be2 $11) 8... b5 $1 9. e5 {[%emt 0:00:19] The position is equal.} Nfd7 10. h4 {[%emt 0:01:21][%cal Bh3h4,Bh4h5][%mdl 32] [#]} b4 $146 (10... Nb6 $11) ({Predecessor:} 10... Nb6 11. b3 Bb7 12. h5 c5 13. d5 e6 14. Bg2 dxe5 15. Bxc5 exf4 16. Nge2 Re8 17. hxg6 hxg6 {0-1 (27) Lamaze,S (2369)-Sadhwani,R (2619) Chess.com INT 2022}) 11. Nce2 {[%emt 0:07:35] White is more active.} (11. Na4 $5 ) 11... c5 {[%emt 0:02:30] Hoping for ...cxd4.} 12. Bg2 {[%emt 0:05:40] aiming for dxc5.} Ra7 13. h5 cxd4 (13... Rc7 $1 $14 {was preferrable.}) 14. Bxd4 $16 Nc5 15. Ng3 (15. hxg6 $1 $16 fxg6 16. Nh3 (16. exd6 Qxd6 17. Bxg7 Kxg7 $15)) 15... Rd7 (15... Rc7 $11) 16. Bxc5 (16. e6 $5 Nxe6 17. Bxg7 Nxg7 18. hxg6 fxg6 19. Qd2 $14) 16... dxc5 17. Qe2 (17. Qc2 $5 ) 17... Qc7 18. Be4 {[%emt 0:10:06] And now Qh2 would win.} Rfd8 (18... Nc6 $15) 19. Nf3 $14 Bb7 $2 (19... Nc6 $14) 20. Bxb7 Qxb7 {[%emt 0:00:20] [#]} 21. e6 $1 Rd3 22. exf7+ Kxf7 23. hxg6+ hxg6 {[%emt 0:01:34] [#]} 24. Ng5+ (24. Ne4 $1 $18 {and the rest is easy.} Kg8 25. Nfg5) 24... Ke8 $16 25. Ne6 (25. Qe6 R8d6 26. Qe4 Qd7 $17) 25... Bxb2 (25... Rxg3 26. Nxg7+ Kf7 27. Qe6+ Kf8 28. Rh8+ Kxg7 29. Qe5+ (29. Rxd8 $2 {is the wrong capture.} Qh1+ 30. Kd2 Rg2+ 31. Kd3 Qh3+ 32. Qe3 Rg3 $19) 29... Kf7 30. Rh7+ (30. Rxd8 $2 {too greedy.} Qh1+ 31. Kd2 Rg2+ 32. Kd3 Qh3+ 33. Qe3 Rg3 $19) 30... Ke8 31. Qh8+ Kd7 32. O-O-O+ Kc6 33. Qxd8 $18) 26. Nxd8 {[%emt 0:01:24] Really sharp! Pair of Knights!} Bc3+ ({Black should play} 26... Qf3 $1 $14 27. Qxf3 (27. Qxb2 $2 Qxg3+ 28. Qf2 Re3+ 29. Kf1 Rf3 $19) 27... Rxf3) 27. Kf1 Rxd8 28. Rd1 $36 {[%emt 0:00:32][%mdl 2048] White is on the roll.} Rxd1+ 29. Qxd1 Qc7 (29... Nd7 $16 {is a better defense.}) 30. Qf3 $18 {[%emt 0:02:09] Rh6 is the strong threat.} Nc6 $2 (30... Qc6 {was necessary.} 31. Kg2 Qxf3+ 32. Kxf3 Nd7) 31. Kg2 (31. Rh6 $142) 31... Qd6 $2 (31... Nd8 32. Rh3 Qd7) 32. Ne4 $1 Qe6 33. Nxc5 Qc8 34. f5 Bg7 35. Qd5 Ne5 {[%emt 0:01:46] [#]} 36. Rh8+ $3 {[%emt 0:01:08][%mdl 512] Weighted Error Value: White=0.30/Black=0.75} 1-0

[Event "44th Chess Olympiad Open 2022"]
[Site "Chennai"]
[Date "2022.08.08"]
[Round "10.20"]
[White "Zhao, Zong-Yuan"]
[Black "Veleshnja, Zino"]
[Result "1-0"]
[ECO "B37"]
[WhiteElo "2513"]
[BlackElo "2263"]
[Annotator "TA"]
[PlyCount "71"]
[EventDate "2022.07.29"]
[EventType "team-tourn"]
[EventCountry "IND"]
[SourceTitle "playchess.com"]
[Source "ChessBase"]
[SourceQuality "1"]
[WhiteTeam "Australia"]
[BlackTeam "Albania"]
[WhiteTeamCountry "AUS"]
[BlackTeamCountry "ALB"]
[TimeControl "40/5400+30:1800+30"]

1. c4 Nf6 2. Nc3 c5 3. Nf3 g6 4. d4 cxd4 5. Nxd4 Bg7 6. e4 Nc6 7. Nc2 d6 8. Be2 O-O 9. O-O Be6 10. Be3 Nd7 {[%emt 0:05:26] B37: Sicilian: Maroczy Bind with 5...Bg7, sidelines.} 11. Qd2 Nc5 12. Bh6 a5 (12... Bxh6 $1 $11 {is more appropriate.} 13. Qxh6 a5) 13. Bxg7 $16 Kxg7 14. f4 f5 15. exf5 Bxf5 {[%emt 0:01:15] [#]} 16. Nd4 $146 ({Predecessor:} 16. Ne3 Be6 17. Kh1 a4 18. Rae1 Qa5 19. Bg4 Bxg4 20. Nxg4 a3 21. b3 Rf7 22. f5 {½-½ (45) Malisauskas,V (2489)-Adamowicz,M (1847) Koszalin 2009}) 16... Ne6 {[%emt 0:08:45] [#] Strongly threatening ...Qb6.} 17. Ndb5 {[%emt 0:21:41] White is more active.} Qb6+ 18. Kh1 {[%emt 0:00:04] Threatens to win with g4.} h5 {[%emt 0:08:57] Inhibits g4.} (18... Nc5 $142) 19. Na4 ({Better is} 19. Nd5 Qd8 20. Bd3) 19... Qd8 20. Rad1 Nb4 (20... Rf6 $16) 21. b3 Qe8 22. Bf3 Bg4 $2 {[%emt 0:05:15] This move loses the game for Black.} (22... Rd8 $16 {is a better defense.} 23. a3 (23. Bxb7 d5 $14) 23... Nc6) 23. a3 Na6 (23... Nc6 $142 24. Bxg4 hxg4) 24. Bxg4 hxg4 25. Nb6 Rd8 26. Qc3+ Kh7 27. Qg3 {[%emt 0:00:21] [#] aiming for Rde1.} ({Weaker is} 27. Qxa5 Nxf4 28. Qd2 e5 $16) 27... Rf5 28. Qxg4 Qf7 29. Nd5 {[%emt 0:00:10] Prevents Nac7.} ({Less strong is} 29. Nd4 Nxd4 30. Rxd4 Nc7 $18) 29... Kg7 30. Rde1 Re8 31. Re3 Nac5 32. Rfe1 Nxf4 33. Rxe7 Nxd5 $2 (33... Ncd3) 34. Rxf7+ $18 {[%emt 0:01:02] White is clearly winning.} Rxf7 35. Qd4+ Re5 36. Nxd6 {[%emt 0:00:43] Weighted Error Value: White=0.20 (precise) /Black=0.40} 1-0

[Event "44th Chess Olympiad Open 2022"]
[Site "Chennai"]
[Date "2022.08.08"]
[Round "10.20"]
[White "Pasko, Llambi"]
[Black "Smirnov, Anton"]
[Result "1/2-1/2"]
[ECO "D27"]
[WhiteElo "2418"]
[BlackElo "2600"]
[Annotator "TA"]
[PlyCount "88"]
[EventDate "2022.07.29"]
[EventType "team-tourn"]
[EventCountry "IND"]
[SourceTitle "playchess.com"]
[Source "ChessBase"]
[SourceQuality "1"]
[WhiteTeam "Albania"]
[BlackTeam "Australia"]
[WhiteTeamCountry "ALB"]
[BlackTeamCountry "AUS"]
[TimeControl "40/5400+30:1800+30"]

1. d4 Nf6 2. c4 e6 3. Nf3 d5 4. Nc3 Nbd7 5. e3 a6 6. a3 dxc4 7. Bxc4 b5 8. Ba2 c5 9. O-O Bb7 10. Qe2 Bd6 {[%emt 0:09:58] D27: Queen's Gambit Accepted: Classical main line: 7 e4!? and 7 a4.} 11. Rd1 Qc7 12. h3 O-O 13. dxc5 {[%emt 0:12:49] [#]} Bxc5 $146 ({Predecessor:} 13... Nxc5 14. b4 Nce4 15. Nxe4 Nxe4 16. Bb2 Nc3 17. Bxc3 Qxc3 18. Qd3 Qxd3 {½-½ (18) Bellon Lopez,J (2421)-Borges Matos,J (2475) Mislata 2000}) 14. e4 b4 15. axb4 Bxb4 16. Bd2 Bxc3 17. Bxc3 Bxe4 18. Ng5 Bg6 19. Bc4 h6 20. Nf3 a5 21. Ne5 Nxe5 22. Bxe5 {[%emt 0:00:03] This bishop pair is nice.} Qb7 23. Bxf6 (23. b3 $11) 23... gxf6 $15 24. Bd3 Bxd3 25. Rxd3 Kh7 $1 26. Qc2 f5 27. Rb3 Qd5 28. Rd1 Qe5 29. Rb7 (29. Re3 $15 Qf6 30. Rd7) 29... Rab8 30. Rdd7 Rxb7 31. Rxb7 $17 {[%emt 0:00:03][%mdl 4096] Endgame KQR-KQR} Kg7 32. Rb3 Rd8 33. Re3 {[%emt 0:00:23] Against Qe1+} Qf6 34. Qc7 a4 35. Kh2 h5 (35... Rd4 $15) 36. Rxe6 $11 {[%emt 0:01:29] The position is equal.} Qxe6 37. Qxd8 {[%emt 0:00:03] KQ-KQ} Qe5+ 38. Kh1 Qxb2 {[%emt 0:02:33] [#] Strongly threatening ...Qa1+.} 39. Qg5+ Kf8 40. Qd8+ Kg7 {[%emt 0:00:04] aiming for ...Qa1+.} 41. Qg5+ Kh8 42. Qxh5+ Kg8 {[%emt 0:00:02] [#] ...Qc1+ is the strong threat.} 43. Qg5+ Qg7 44. Qd8+ Qf8 {[%emt 0:01:36] Weighted Error Value: White=0.07 (flawless) /Black=0.06 (flawless)} 1/2-1/2